 Dungeon Crawl Stone Soup version 0.27.0-1-g7a089689b8 (webtiles) character file.

Game seed: 14722173742368023269

154754 freelancePsychic the Eclecticist (level 17, -7/129 HPs)
             Began as a Djinni Arcane Marksman on Aug 7, 2021.
             Was the Champion of Makhleb.
             Mangled by a kraken (19 damage)
             ... on level 1 of the Shoals on Aug 8, 2021.
             The game lasted 01:43:47 (29468 turns).

freelancePsychic the Eclecticist (DjAM)            Turns: 29468, Time: 01:43:48

Health: -7/129     AC: 14    Str: 12    XL:     17   Next: 95%
Gold:   3612       EV: 22    Int: 26    God:    Makhleb [******] SH: 12 Dex: 15

rFire    + + +     SeeInvis .   I - staff of fire
rCold    x . .     Faith    .   u - +0 kite shield
rNeg     + . .     Spirit   .   Y - +4 troll leather armour
rPois    ∞         Reflect  .   v - +0 hat {Stlth+}
rElec    .         Harm     .   q - +2 cloak
rCorr    .         Rampage  .   Z - +2 pair of gloves
Will     +....                  (boots unavailable)
Stlth    ++........             Q - amulet "Eshrofen" {Regen+ Str+3}
HPRegen  2.31/turn              b - ring of positive energy
MPRegen  0.00/turn              J - ring of Ysuxuxta {EV+4 Int+5}

@: about to teleport, spewing sludge, flying
A: sickness immunity, fire resistance 2, cold vulnerability 1, float, innate
caster, hp casting, extra vitality 1
}: 1/15 runes: gossamer
a: Renounce Religion, Minor Destruction, Lesser Servant of Makhleb, Major
Destruction, Greater Servant of Makhleb


You were on level 1 of the Shoals.
You worshipped Makhleb.
Makhleb was exalted by your worship.
You visited 6 branches of the dungeon, and saw 29 of its levels.
You also visited: Sewer and Ice Cave.

You collected 4023 gold pieces.
You spent 411 gold pieces at shops.

Inventory:

Hand Weapons
 j - a +3 scimitar of flaming
 O - the +3 trident of Plague {spect, Will+ Dex+3}
   (You found it on level 5 of the Lair of Beasts)

   When its wielder attacks, the weapon's spirit leaps out and strikes again.
   The spirit shares a part of any damage it takes with its wielder.
   Dex:       It affects your dexterity (+3).
   Will:      It increases your willpower.
Missiles
 c - 226 sling bullets
 e - 754 stones
 g - 8 curare-tipped darts
 B - a throwing net
Armour
 a - a +2 robe of resistance
 d - a +0 robe
 q - a +2 cloak (worn)
 s - +0 steam dragon scales
 u - a +0 kite shield (worn)
 v - a +0 hat of stealth (worn)
 Y - a +4 troll leather armour (worn)
 Z - a +2 pair of gloves (worn)
Magical Staves
 i - a staff of air
 k - a staff of poison
 I - a staff of fire (weapon)
 R - a staff of earth
Jewellery
 b - a ring of positive energy (left hand)
 J - the ring of Ysuxuxta (right hand) {EV+4 Int+5}
   (You found it on level 2 of the Lair of Beasts)

   [ring of evasion]

   EV:        It affects your evasion (+4).
   Int:       It affects your intelligence (+5).
 N - a +4 ring of slaying
 P - a +4 ring of protection
 Q - the amulet "Eshrofen" (around neck) {Regen+ Str+3}
   (You found it on level 6 of the Lair of Beasts)

   [amulet of regeneration]

   Str:       It affects your strength (+3).
   Regen:     It increases your rate of health regeneration.
 V - a +6 ring of strength
Wands
 w - a wand of acid (9)
 y - a wand of polymorph (8)
 z - a wand of paralysis (22)
 A - a wand of iceblast (40)
 G - a wand of mindburst (22)
 M - a wand of flame (50)
 X - a wand of charming (15)
Scrolls
 n - a scroll of immolation
 p - 6 scrolls of fog
 C - 2 scrolls of magic mapping
 E - 9 scrolls of teleportation {@r4}
 H - 3 scrolls of summoning
 K - a scroll of brand weapon
 L - 17 scrolls of identify {@r1}
 T - 2 scrolls of enchant weapon
Potions
 f - 5 potions of resistance
 h - 5 potions of lignification
 l - a potion of curing {@q1}
 m - 14 potions of degeneration
 o - 2 potions of attraction
 r - 6 potions of might
 t - 4 potions of haste {@q3}
 x - 4 potions of heal wounds {@q2}
 D - 4 potions of ambrosia
 F - 3 potions of mutation
 S - 2 potions of flight {unknown}
 U - 3 potions of brilliance {unknown}
 W - 2 potions of invisibility {unknown}


   Skills:
 - Level 14.2 Fighting
 - Level 1.9 Slings
 - Level 13.5 Dodging
 + Level 12.7 Shields
 + Level 15.6 Spellcasting


You had 4 spell levels left.
You knew the following spells:

 Your Spells              Type           Power      Damage    Failure   Level
a - Foxfire               Conj/Fire      100%       2x1d9     0%          1
b - Summon Mana Viper     Hex/Summ       80%        N/A       1%          5
c - Inner Flame           Hex/Fire       100%       N/A       1%          3
d - Eringya's Noxious Bo  Tmut/Pois      40%        N/A       1%          6
e - Mephitic Cloud        Conj/Pois/Air  80%        N/A       1%          3
f - Corona                Hex            88%        N/A       0%          1
g - Ensorcelled Hibernat  Hex/Ice        100%       N/A       0%          2
h - Cause Fear            Hex            40%        N/A       1%          4
i - Teleport Other        Tloc           80%        N/A       1%          3
j - Ice Form              Ice/Tmut       80%        N/A       1%          4
k - Slow                  Hex            80%        N/A       0%          2
l - Portal Projectile     Hex/Tloc       100%       N/A       1%          3
m - Dispersal             Tloc           40%        N/A       1%          6
Your spell library was empty.

Dungeon Overview and Level Annotations

Branches:
Dungeon (15/15)            Temple (1/1) D:5            Lair (6/6) D:9
 Shoals (1/4) Lair:2       Spider (4/4) Lair:2        Slime (0/5) Lair:6
    Orc (2/2) D:12            Elf (0/3) Orc:2        Vaults (0/5) D:14
 Depths (0/5) D:15          Sewer (visited)           IceCv (visited)

Altars:
Ashenzari
Cheibriados
Dithmenos
Elyvilon
Fedhas
Gozag
Hepliaklqana
Kikubaaqudgha
Makhleb
Nemelex Xobeh
Okawaru
Qazlal
Ru
Sif Muna
Trog
Uskayaw
Vehumet
Wu Jian
Xom
Yredelemnul
Zin
The Shining One
Jiyva

Shops:
D:6 !   Orc:1 !   Orc:2 =?(=:

Annotations:
D:14 Roxanne
Lair:2 2 runed translucent doors, RepHenryClay's ghost, journeyman GnGl


Innate Abilities, Weirdness & Mutations

You are immune to sickness and miasma.
You are immune to poison.
Your flesh is very heat resistant. (rF++)
You are vulnerable to cold. (rC-)
You float through the air rather than walking.
You learn spells naturally, not from books.
Your magical power is your life essence.
You have superior vitality. (+4 HP)


Message History

a dream sheep corpse; a dream sheep corpse
Things that are here:
a +2 spear of freezing; 12 javelins; a +0 leather armour
Found a robe.
You now have 3612 gold pieces (gained 8).
A kraken comes into view.
A kraken is nearby!
A kraken is nearby!
Unknown command.
Tentacles burst out of the water! 4 tentacles come into view.
Casting: Eringya's Noxious Bog (dangerous; 1% risk of failure)
Confirm with . or Enter, or press ? or * to list all spells.
Casting: Eringya's Noxious Bog (dangerous; 1% risk of failure)
Press: ? - help, Dir - look around, f - activate You spew toxic sludge!
The tentacle completely misses you.
You hit the tentacle but do no damage. You block the tentacle's attack. x2
The tentacle misses you. The tentacle slaps you! The tentacle misses you. x2
The tentacle slaps you!! The kraken bites you!!!
As you read the scroll of teleportation {@r4}, it crumbles to dust.
You feel strangely unstable. The tentacle completely misses you.
The tentacle slaps you. The tentacle completely misses you.
The tentacle slaps you!! The kraken bites you!!
* * * LOW HITPOINT WARNING * * *
You block the tentacle's attack. The tentacle closely misses you.
The tentacle slaps you.
* * * LOW HITPOINT WARNING * * *
The tentacle completely misses you.
Okay, then.
Casting: Eringya's Noxious Bog (dangerous; 1% risk of failure)
Confirm with . or Enter, or press ? or * to list all spells.
The tentacle is unaffected.
The tentacle is unaffected.
The tentacle is unaffected.
The tentacle is unaffected.
The kraken resists with almost no effort.
* * * LOW HITPOINT WARNING * * *
The tentacle completely misses you. You block the tentacle's attack.
The tentacle closely misses you. x2; The kraken bites you!!
You die...

).###..≈≈≈≈≈≈≈≈≈≈≈≈≈≈≈≈≈≈≈≈≈≈≈
≈.# #..≈≈≈≈≈≈≈≈≈≈≈≈≈≈≈≈≈≈≈≈≈≈≈
≈.###.≈≈≈≈≈≈≈≈≈≈≈≈≈≈≈≈≈≈≈≈≈≈≈≈
≈.....≈≈≈≈≈≈≈≈≈≈≈≈≈≈≈≈≈≈≈≈≈≈≈≈
≈≈≈.≈≈≈≈≈≈≈≈≈≈≈≈≈≈≈≈≈≈≈≈≈≈≈≈≈≈
≈≈≈≈≈≈≈≈≈≈≈≈≈≈≈≈≈≈≈≈≈≈≈≈
≈≈≈≈≈≈≈≈≈≈≈≈≈≈≈≈≈≈≈≈≈≈≈≈
≈≈≈≈≈≈≈≈≈≈≈≈≈≈≈w≈w≈≈≈≈≈≈
≈≈≈≈≈≈≈≈≈≈≈≈≈≈≈≈@X≈≈≈≈≈≈
≈≈≈≈≈≈≈≈≈≈≈≈≈≈≈w≈w≈≈≈≈≈≈
≈≈≈≈≈≈≈≈≈≈≈≈≈≈≈≈≈≈≈≈≈≈≈≈
≈≈≈≈≈≈≈≈≈≈≈≈≈≈≈≈≈≈≈≈≈≈≈≈
≈≈≈≈≈≈≈≈≈≈≈≈≈≈≈≈≈≈≈≈≈≈≈≈
≈≈≈≈≈≈≈≈≈≈≈≈≈≈≈≈≈≈≈≈≈≈≈≈
≈≈≈≈≈≈≈≈≈≈≈≈≈≈≈≈≈≈≈≈≈≈≈≈
≈≈≈≈≈≈≈≈≈≈≈≈≈≈≈≈≈


You could see a kraken and 4 tentacles.

Vanquished Creatures
  Jorgrun (Spider:1)
  Kirke (D:15)
  Gastronok (Lair:1)
  A ghost moth (Spider:4)
  2 emperor scorpions
  2 entropy weavers
  2 spark wasps (Spider:4)
  Harold (Lair:1)
  A boulder beetle (Spider:4)
  2 caustic shrike simulacra (IceCv)
  3 ogre magi (Orc:2)
  4 hydras
  Erica (D:8)
  5 death scarabs (Spider:4)
  2 centaur warriors
  A tengu warrior (D:13)
  17 two-headed ogres
  A death yak (Lair:2)
  A deep elf knight (D:14)
  A skeletal warrior (D:11)
  A sea snake (Shoals:1)
  A spectral wolf spider (Spider:4)
  An orc knight (Orc:2)
  6 orb spiders
  2 orc sorcerers
  A wolf spider zombie (Spider:4)
  3 cyclopes
  4 manticores
  An ugly thing (D:14)
  2 wolf spiders (Spider:1)
  11 elephants
  2 merfolk sirens
  A moth of wrath (Spider:2)
  5 black mambas
  Joseph (Lair:1)
  16 cane toads
  4 unseen horrors
  4 kobold demonologists
  A redback zombie (Spider:4)
  5 rime drakes
  2 freezing wraiths (IceCv)
  4 demonic crawlers
  8 komodo dragons
  3 golden dragon simulacra (IceCv)
  16 jumping spiders
  9 polar bears
  6 trolls
  10 blink frogs
  6 hornets
  A snapping turtle (Shoals:1)
  A spectral jumping spider (Spider:4)
  3 meliai zombies (D:15)
  3 slime creatures
  2 shadows
  17 tarantellas
  3 wyverns (Lair:2)
  24 redbacks
  A water elemental (D:12)
  4 basilisks
  6 wraiths
  2 dire elephant simulacra (IceCv)
  4 hogs (D:15)
  A fire bat (D:11)
  54 yaks
  3 vampire mosquitoes (D:12)
  3 steam dragons
  A steam dragon (shapeshifter) (D:14)
  A harpy simulacrum (IceCv)
  7 wargs
  A hell hound (Lair:6)
  19 water moccasins
  19 orc warriors
  An ice beast (D:7)
  4 hornet zombies
  A sky beast (D:8)
  10 black bears
  4 alligator simulacra (IceCv)
  16 wolves
  8 centaurs
  19 ogres
  8 necrophages (D:8)
  2 ettin simulacra (IceCv)
  6 kobold brigands
  A phantom (D:7)
  7 bullfrogs
  6 scorpions
  A water moccasin zombie (D:6)
  A wyvern skeleton (D:7)
  4 killer bees (D:7)
  5 wights (D:8)
  3 vampire bats (D:11)
  2 bullfrog zombies
  14 centaur zombies
  7 hounds
  A centaur skeleton (D:7)
  9 orc priests
  A bullfrog skeleton (D:4)
  Jessica (D:3)
  3 iguanas
  16 orc wizards
  2 hell rats (D:11)
  2 killer bee zombies
  2 mummies (D:8)
  4 gnolls (D:5)
  9 adders
  3 river rats (D:11)
  A shadow imp (D:7)
  An ufetubus (D:5)
  An adder skeleton (D:4)
  6 worms
  2 dart slugs
  64 orcs
  7 ball pythons
  13 bats
  3 endoplasms
  11 giant cockroaches
  6 goblins
  6 hobgoblins
  3 jackals (D:1)
  19 kobolds
  6 quokkas
  9 frilled lizards
  13 rats
  A bush (Lair:5)
721 creatures vanquished.

Vanquished Creatures (collateral kills)
  Rupert (D:15)
  2 ghost moths
  5 emperor scorpions
  A very ugly thing (IceCv)
  An entropy weaver (Spider:4)
  A spark wasp (Spider:2)
  A dire elephant (Lair:6)
  Josephine (D:14)
  2 fire dragons (D:15)
  A hydra (Lair:2)
  A merfolk avatar (Shoals:1)
  2 boulder beetles
  2 catoblepae (Lair:6)
  A centaur warrior (D:14)
  2 dancing weapons (D:14)
  3 death scarabs (Spider:4)
  A tengu warrior (D:13)
  4 skeletal warriors (D:10)
  7 lindwurms (Lair:6)
  An orc knight (D:15)
  2 spectral wolf spiders (Spider:4)
  3 orb spiders (Spider:4)
  3 wolf spiders (Spider:4)
  2 wolf spider zombies
  2 manticores
  An ugly thing (D:13)
  4 cyclopes
  3 centaur zombies (D:15)
  2 moths of wrath (Spider:3)
  2 black mambas
  2 elephants (Lair:4)
  2 torpor snails
  2 spectral redbacks
  4 cane toads
  2 komodo dragons
  5 demonic crawlers
  A freezing wraith (D:15)
  A rime drake (shapeshifter) (D:14)
  An efreet (D:13)
  3 redback zombies
  A rime drake (Lair:6)
  A tengu conjurer (D:15)
  A troll (D:13)
  A troll (shapeshifter) (D:14)
  3 jumping spiders
  A merfolk (Shoals:1)
  A queen bee (shapeshifter) (D:14)
  7 hornets
  2 polar bears (Lair:6)
  A spectral tarantella (Spider:3)
  2 spectral jumping spiders (Spider:4)
  3 blink frogs
  A jumping spider zombie (Spider:4)
  3 tarantella zombies (Spider:4)
  3 slime creatures (D:13)
  A meliai zombie (D:15)
  4 yaks
  10 redbacks
  9 tarantellas (Spider:4)
  A wraith (D:14)
  A wyvern (Lair:6)
  A hog (D:15)
  A warg (Lair:6)
  A water moccasin (D:11)
  8 hell hounds (Lair:6)
  A swamp drake (D:12)
  A spectral hornet (Spider:4)
  2 black bears (Lair:6)
  2 hornet zombies (Spider:4)
  3 orc warriors
  A wolf (Lair:6)
  An orc priest (D:12)
  2 orc wizards (D:12)
  A hell rat (Lair:6)
  3 adders (D:11)
  A river rat (D:11)
  3 orcs
  A ball python (D:11)
  18 foxfires
195 creatures vanquished.

Vanquished Creatures (others)
  An orc warlord (D:14)
  An emperor scorpion (Spider:4)
  An entropy weaver (Spider:2)
  A merfolk javelineer (Shoals:1)
  An ogre mage (Orc:2)
  3 two-headed ogres (Orc:2)
  2 centaur warriors (D:14)
  An orc high priest (Orc:1)
  A deep elf knight (D:14)
  6 orb spiders
  An orc knight (Orc:1)
  3 orc sorcerers
  10 ugly things (D:14)
  9 wolf spiders
  A cyclops (Shoals:1)
  A merfolk siren (Shoals:1)
  A torpor snail (Spider:4)
  3 demonic crawlers
  10 jumping spiders
  2 trolls
  2 dream sheep (Shoals:1)
  3 slime creatures (D:14)
  22 redbacks
  13 tarantellas
  8 hell hounds (Lair:6)
  11 orc warriors
  A black bear (Lair:6)
  8 ogres
  A wolf (Lair:6)
  2 orc priests
  6 orc wizards
  15 orcs
  2747 foxfires
  12 fungi
  52 plants
  8 withered plants (D:8)
2970 creatures vanquished.

Grand Total: 3886 creatures vanquished

Notes
Turn   | Place    | Note
-------+----------+-------------------------------------------
     0 | D:1      | freelancePsychic the Djinni Arcane Marksman began the quest
                  | for the Orb.
     0 | D:1      | Reached XP level 1. HP: 17/17 MP: 0/0
    88 | D:1      | Reached XP level 2. HP: 22/22 MP: 0/0
   224 | D:1      | Found a faded altar of an unknown god.
   346 | D:1      | Reached XP level 3. HP: 27/27 MP: 0/0
   346 | D:1      | Learned a level 1 spell: Foxfire
   809 | D:1      | Reached skill level 3 in Spellcasting
  1610 | D:3      | Noticed Jessica
  1612 | D:3      | Killed Jessica
  1613 | D:3      | Reached XP level 4. HP: 33/33 MP: 0/0
  1927 | D:3      | Reached XP level 5. HP: 25/39 MP: 0/0
  1927 | D:3      | Learned a level 2 spell: Ensorcelled Hibernation
  1977 | D:3      | Found a glowing drain.
  1997 | Sewer    | Entered a sewer
  2248 | Sewer    | Reached skill level 4 in Spellcasting
  2302 | Sewer    | Noticed a bullfrog
  2310 | Sewer    | Killed a bullfrog
  2311 | Sewer    | Reached XP level 6. HP: 38/46 MP: 0/0
  2833 | D:4      | Noticed an orc warrior
  2852 | D:4      | Killed an orc warrior
  2853 | D:4      | Reached XP level 7. HP: 30/51 MP: 0/0
  2853 | D:4      | Learned a level 3 spell: Mephitic Cloud
  2917 | D:4      | Reached skill level 5 in Spellcasting
  3181 | D:4      | Noticed a yak
  3181 | D:4      | Noticed a yak
  3181 | D:4      | Noticed a yak
  3181 | D:4      | Noticed a yak
  3181 | D:4      | Noticed a yak
  3200 | D:4      | Killed a yak
  3202 | D:4      | Killed a yak
  3203 | D:4      | Reached XP level 8. HP: 56/58 MP: 0/0
  3207 | D:4      | Killed a yak
  3208 | D:4      | Reached skill level 5 in Fighting
  3208 | D:4      | Reached skill level 6 in Spellcasting
  3218 | D:4      | Killed a yak
  3218 | D:4      | Killed a yak
  3299 | D:5      | Entered Level 5 of the Dungeon
  3570 | D:5      | Reached skill level 7 in Spellcasting
  3570 | D:5      | Reached XP level 9. HP: 65/66 MP: 0/0
  3570 | D:5      | Learned a level 3 spell: Teleport Other
  3684 | D:5      | Found a staircase to the Ecumenical Temple.
  3708 | Temple   | Entered the Ecumenical Temple
  4371 | D:6      | Found a blossoming altar of Fedhas.
  4701 | D:6      | Reached skill level 8 in Spellcasting
  5159 | D:6      | Found Bumo's Distillery.
  5167 | D:6      | Bought a potion of haste for 110 gold pieces
  5552 | D:7      | Noticed a moth of wrath
  5555 | D:7      | Found a bloodstained altar of Trog.
  5631 | D:7      | Reached XP level 10. HP: 48/75 MP: 0/0
  5883 | D:7      | You are sucked into a shaft and drop 3 floors!
  5883 | D:10     | Entered Level 10 of the Dungeon
  5885 | D:10     | Noticed Erica
  5906 | D:9      | Reached skill level 9 in Spellcasting
  6085 | D:8      | Found an opulent altar of Gozag.
  6739 | D:8      | Reached skill level 5 in Dodging
  6740 | D:8      | Reached XP level 11. HP: 69/84 MP: 0/0
  6740 | D:8      | Learned a level 4 spell: Ice Form
  7033 | D:7      | Found a glowing silver altar of Zin.
  7034 | D:7      | Found a burning altar of Makhleb.
  7036 | D:7      | Noticed a cacodemon
  7036 | D:7      | Noticed an angel
  7040 | D:7      | Became a worshipper of Makhleb the Destroyer
  7412 | D:9      | Found a staircase to the Lair.
  7440 | Lair:1   | Entered Level 1 of the Lair of Beasts
  7448 | Lair:1   | Noticed Gastronok
  7459 | Lair:1   | Killed Gastronok
  7460 | Lair:1   | Reached skill level 10 in Fighting
  7460 | Lair:1   | Reached skill level 10 in Spellcasting
  7479 | Lair:1   | Noticed Harold
  7526 | D:9      | Found a glowing golden altar of the Shining One.
  7801 | D:9      | Reached * piety under Makhleb
  7887 | D:9      | Found a glowing golden altar of the Shining One.
  7898 | D:9      | Noticed a sixfirhy
  7926 | D:9      | Noticed a sixfirhy
  8103 | D:8      | Killed Erica
  8195 | D:9      | Noticed a soul eater
  8209 | D:8      | Noticed a sun demon
  8249 | D:9      | Reached XP level 12. HP: 80/92 MP: 0/0
  8581 | D:10     | Found an ornate altar of the Wu Jian Council.
  8877 | D:10     | Found a shimmering altar of Xom.
  9152 | D:10     | Noticed a two-headed ogre
  9164 | D:10     | Killed a two-headed ogre
  9242 | D:10     | Found a sacrificial altar of Ru.
  9365 | D:10     | Found a white marble altar of Elyvilon.
  9390 | D:10     | Found an iron altar of Okawaru.
  9519 | D:11     | Noticed a two-headed ogre
  9533 | D:11     | Killed a two-headed ogre
  9590 | D:11     | Noticed a two-headed ogre
  9598 | D:11     | Killed a two-headed ogre
  9626 | D:11     | Noticed a skeletal warrior
  9631 | D:11     | Noticed a skeletal warrior
  9632 | D:11     | Reached ** piety under Makhleb
  9633 | D:11     | Noticed a skeletal warrior
  9635 | D:11     | Killed a skeletal warrior
  9642 | D:11     | Noticed a skeletal warrior
  9825 | D:11     | Noticed a skeletal warrior
  9969 | Lair:1   | Killed Harold
  9970 | Lair:1   | Reached skill level 11 in Spellcasting
 10001 | Lair:1   | Noticed Joseph
 10009 | Lair:1   | Killed Joseph
 10866 | Lair:2   | Reached skill level 10 in Dodging
 10958 | Lair:2   | Reached XP level 13. HP: 76/100 MP: 0/0
 10958 | Lair:2   | Learned a level 5 spell: Summon Mana Viper
 11096 | Lair:2   | Identified the ring of Ysuxuxta {EV+4 Int+5}
 11096 | Lair:2   | You are sucked into a shaft and drop 2 floors!
 11348 | Lair:3   | Reached *** piety under Makhleb
 11589 | Lair:2   | Found a hole to the Spider Nest.
 11598 | Lair:2   | Found a large runed translucent door.
 11599 | Lair:2   | Found a large runed translucent door.
 11716 | Lair:2   | Noticed an eight-headed hydra
 11726 | Lair:2   | Killed an eight-headed hydra
 12120 | Lair:2   | Noticed an eight-headed hydra
 12121 | Lair:2   | Noticed a five-headed hydra
 12137 | Lair:2   | Killed a five-headed hydra
 12144 | Lair:2   | Killed an eight-headed hydra
 12213 | Lair:2   | Identified a scroll of acquirement
 12214 | Lair:2   | Acquired a staff of fire
 12312 | Lair:2   | Found a staircase to the Shoals.
 12460 | Lair:2   | Noticed RepHenryClay's ghost (journeyman GnGl)
 12648 | Lair:3   | Reached **** piety under Makhleb
 12969 | Lair:3   | Reached skill level 12 in Spellcasting
 13053 | Lair:4   | Reached XP level 14. HP: 105/110 MP: 0/0
 14220 | Lair:5   | Identified the +3 trident of Plague {spect, Will+ Dex+3}
 14332 | Lair:5   | Found an ornate altar of the Wu Jian Council.
 14335 | Lair:5   | Found a hide-covered altar of Uskayaw.
 14705 | Lair:6   | Entered Level 6 of the Lair of Beasts
 14900 | Lair:6   | Found the +27 Lear's hauberk
 14910 | Lair:6   | Identified the amulet "Eshrofen" {Regen+ Str+3}
 15122 | Lair:6   | Reached ***** piety under Makhleb
 15446 | Lair:6   | Noticed a dire elephant
 15458 | Lair:6   | Killed a dire elephant
 15776 | Lair:6   | Found a staircase to the Slime Pits.
 15928 | Lair:6   | Reached XP level 15. HP: 110/117 MP: 0/0
 15928 | Lair:6   | Learned a level 6 spell: Eringya's Noxious Bog
 16877 | D:10     | Reached skill level 1 in Shields
 17079 | D:11     | Reached skill level 13 in Spellcasting
 17481 | D:11     | Reached ****** piety under Makhleb
 18744 | D:12     | Found a staircase to the Orcish Mines.
 18791 | Orc:1    | Entered Level 1 of the Orcish Mines
 18887 | Orc:1    | Paralysed by an orc sorcerer for 5 turns
 19046 | Orc:2    | Entered Level 2 of the Orcish Mines
 19057 | Orc:2    | Found a staircase to the Elven Halls.
 19198 | Orc:2    | Reached skill level 5 in Shields
 19573 | Orc:2    | Found Soimmot's Jewellery Shop.
 19573 | Orc:2    | Found Teiherph's Magic Scroll Emporium.
 19574 | Orc:2    | Found Hyibloc's Antique Weapon Emporium.
 19574 | Orc:2    | Found Torchu Nuwneph's Jewellery Boutique.
 19582 | Orc:2    | Bought a scroll of enchant armour for 105 gold pieces
 19582 | Orc:2    | Bought a scroll of teleportation for 42 gold pieces
 19582 | Orc:2    | Bought a scroll of teleportation for 42 gold pieces
 19582 | Orc:2    | Bought a scroll of teleportation for 42 gold pieces
 19649 | Orc:2    | Found Gosyq's Book Boutique.
 19873 | Orc:1    | Found Woawexo's Distillery.
 20042 | Orc:1    | Bought a potion of heal wounds for 70 gold pieces
 20392 | Spider:1 | Entered Level 1 of the Spider Nest
 20451 | Spider:1 | Noticed Jorgrun
 20462 | Spider:1 | Killed Jorgrun
 20463 | Spider:1 | Reached XP level 16. HP: 117/123 MP: 0/0
 20470 | Spider:1 | Found a frozen archway.
 20516 | IceCv    | Entered an ice cave
 20614 | IceCv    | Identified the +2 scale mail "Culekigh" {rElec Will+ Dex+2
                  | Stlth+}
 20635 | IceCv    | Reached skill level 14 in Spellcasting
 22815 | Spider:4 | Entered Level 4 of the Spider Nest
 23445 | Spider:4 | Reached skill level 10 in Shields
 24125 | Spider:4 | Reached XP level 17. HP: 110/129 MP: 0/0
 24125 | Spider:4 | Learned a level 6 spell: Dispersal
 24520 | Spider:4 | Reached skill level 15 in Spellcasting
 24841 | Spider:4 | Got a gossamer rune of Zot
 25557 | D:13     | Identified the -2 cloak of the Camelopard {rF+++ Int+2}
 25830 | D:13     | Found a hazy altar of Hepliaklqana.
 26472 | D:14     | Noticed Josephine
 26487 | D:14     | Killed Josephine
 26669 | D:14     | Found an iron altar of Okawaru.
 27139 | D:14     | Identified Roxanne's Handbook of Transmutation
 27139 | D:14     | Noticed Roxanne
 27217 | D:15     | Entered Level 15 of the Dungeon
 27454 | D:14     | Identified the +8 great sword "Tifo" {vorpal, Drain rElec
                  | rN++ Str-4}
 27572 | D:14     | Found the +4 robe of Augmentation {Str+4 Int+4 Dex+4}
 27698 | D:14     | Found a gate to the Vaults.
 27967 | D:15     | Found a white marble altar of Elyvilon.
 27985 | D:15     | Noticed Rupert
 28011 | D:15     | Killed Rupert
 28580 | D:15     | Found a basalt altar of Yredelemnul.
 28618 | D:15     | Noticed Kirke
 28630 | D:15     | Killed Kirke
 28773 | D:15     | Found a staircase to the Depths.
 29306 | Shoals:1 | Entered Level 1 of the Shoals
 29461 | Shoals:1 | Noticed a kraken
 29468 | Shoals:1 | Mangled by a kraken

Illustrated notes

Levels and vault maps discovered:
D:1:      giann_forest_graveyard, layout_loops_ring,
          hellmonk_ecumenical_altar_prayer_group
D:2:      layout_basic
D:3:      layout_basic, cheibrodos_sewer_entry_bend, minmay_quadrilaterals,
          uniq_jessica
D:4:      layout_rooms, nicolae_kikubaaqudgha_miasma_corner,
          hangedman_decor_points
D:5:      layout_basic, minmay_temple_entry_offerings
D:6:      kennysheep_steamy, layout_basic, mainiacjoe_overflow_catwalk,
          serial_shops, shop
D:7:      layout_cave_pools, grunt_temple_overflow_order_and_chaos_2, tgw_trog
D:8:      layout_loops_ring, mainiacjoe_overflow_24_doors,
          mainiacjoe_overflow_surrounded_room, serial_undead, serial_undead_e,
          serial_undead_a, serial_undead_c, serial_undead_a, serial_undead_a,
          serial_undead_c, serial_undead_b
D:9:      layout_irregular_city, tso_oasis_becter, lair_entry_dummy,
          minmay_strange_pillars, kennysheep_diamond,
          hangedman_decor_clover_reticule
D:10:     layout_loops_cross, lemuel_round_altar, mainiacjoe_overflow_alcove_2,
          mainiacjoe_overflow_two_lobes, amcnicky_altar_gilded,
          minmay_misc_feat_roman, kennysheep_generic_room_9, uniq_erica
D:11:     layout_loops_ring, hangedman_parallel_progression
D:12:     layout_basic, erik_orc_1
D:13:     layout_stronghold, nicolae_hepliaklqana_hippocampus
D:14:     evilmike_iron_armoury, layout_stronghold, erik_vaults_1,
          minmay_misc_feat_diagonals, chequers_serial_rivers_micro_c,
          uniq_roxanne, uniq_josephine
D:15:     grunt_enter_depths_hoard, layout_basic, elyvilon_altar_1,
          corner_web_ring, nicolae_yredelemnul_corpse_copse, uniq_kirke,
          uniq_rupert
Temple:   pf_slime_end_temple
Lair:1:   layout_chaotic_city, serial_bayou_ford_a, uniq_gastronok, uniq_harold,
          uniq_joseph
Lair:2:   nzn_winding_woodlands_stair_cross [nzn_winding_woodlands_5x15_garden,
          nzn_winding_woodlands_center_triple_pond,
          nzn_winding_woodlands_5x15_lazy_stream,
          nzn_winding_woodlands_5x5_checkerboard,
          nzn_winding_woodlands_5x5_perimeter,
          nzn_winding_woodlands_5x15_zeroes,
          nzn_winding_woodlands_center_garden,
          nzn_winding_woodlands_5x15_pathside_ponds], layout_chaotic_city,
          minmay_shoals_entry_lonely_mermaid, spider_nest_entry_a,
          ebering_ghost_disaster_area
Lair:3:   wander_river, layout_hall_layers, serial_forest,
          infiniplex_forest_lined_4_way, infiniplex_forest_end_3,
          infiniplex_forest_clump_small, infiniplex_forest_fountain,
          infiniplex_forest_clump_diagonal, infiniplex_forest_clump_medium,
          infiniplex_forest_straight_2
Lair:4:   layout_cave_pods, minivault_19
Lair:5:   layout_gridlike, nzn_masters_of_martial_movement
Lair:6:   hangedman_lair_caniforms_friends, layout_loops_ring,
          hangedman_lair_in_review, slime_dummy, minmay_lindwurm_lava
Shoals:1: layout_shoals
Spider:1: layout_chambers, portal_ice_cave_entry_pillars_2,
          hangedman_spider_tarantella_strand, uniq_jorgrun
Spider:2: layout_spider_delve
Spider:3: layout_spider_delve, nicolae_spider_shape
Spider:4: floodkiller_spider_rune_tomb, nicolae_spider_some_kinda_spiderbox
Orc:1:    layout_diamond_mine, serial_shops, nicolae_shop_behind_doors,
          mines4_lemuel
Orc:2:    st_orc_ogre_mass, layout_caves, serial_shops, nicolae_shop_statue_plus

Skill      XL: |  1  2  3  4  5  6  7  8  9 10 11 12 13 14 15 16 17 |
---------------+----------------------------------------------------+-----
Spellcasting   | 3 4 5 7 8 9 10 11 12 13 14 15 | 15.6
Fighting       | 2 3 4 6 7 9 10 11 13 14 | 14.2
Dodging        | 5 8 10 11 13 | 13.5
Shields        | 7 10 12 | 12.7
Slings         | |  1.9

Action                   |  1- 3 |  4- 6 |  7- 9 | 10-12 | 13-15 | 16-18 || total
-------------------------+-------+-------+-------+-------+-------+-------++-------
Melee: Scimitar          |       |       |       |    49 |     4 |       ||    53
       Staff             |       |       |       |       |   349 |   377 ||   726
 Fire: Hunting sling     |    79 |    37 |    62 |   101 |       |       ||   279
Throw: Stone             |       |       |       |       |     1 |       ||     1
 Cast: Foxfire           |    12 |    87 |   113 |   379 |   791 |   229 ||  1611
       Inner Flame       |       |     2 |    27 |    75 |   204 |   198 ||   506
       Mephitic Cloud    |       |       |     4 |       |     4 |     2 ||    10
       Cause Fear        |       |       |       |     3 |     4 |     1 ||     8
       Summon Mana Viper |       |       |       |       |    91 |   247 ||   338
       Eringya's Noxious |       |       |       |       |    38 |    41 ||    79
       Dispersal         |       |       |       |       |       |     7 ||     7
Invok: Lesser Servant of |       |       |       |       |     1 |       ||     1
Evoke: Wand              |       |       |       |       |       |    15 ||    15
  Use: Scroll            |     1 |     2 |     7 |     6 |    15 |     6 ||    37
       Potion            |       |       |       |       |     2 |     8 ||    10
 Stab: Confused          |       |       |       |       |     1 |       ||     1
       Petrified         |       |       |       |       |     2 |       ||     2
       Distracted        |       |       |       |       |     4 |     4 ||     8
Armor: Robe              |     6 |     4 |     2 |       |       |     4 ||    16
       Steam dragon scal |       |       |    11 |   136 |   168 |       ||   315
       Troll leather arm |       |       |       |       |    23 |   278 ||   301
Dodge: Dodged            |    15 |    31 |    51 |   255 |  1102 |   955 ||  2409
Block: Kite shield       |       |       |       |       |    26 |   611 ||   637
       Rpst.: Scimitar   |       |       |       |    27 |    24 |       ||    51
